 Dungeon Crawl Stone Soup version 0.18-a0-1160-geb89fc2 (webtiles) character file.

131 Azzok the Cudgeler (level 4, -3/39 HPs)
             Began as a Minotaur Fighter on Jan 24, 2016.
             Slain by Protee's ghost (5 damage)
             ... on level 3 of the Dungeon.
             The game lasted 00:07:00 (2088 turns).

Azzok the Cudgeler (Minotaur Fighter)               Turns: 2088, Time: 00:07:00

Health: -3/39      AC:  6    Str: 20    XL:     4   Next: 91%
Magic:  3/3        EV:  7    Int:  5    God:
Gold:   44         SH:  9    Dex: 11    Spells: 0 memorised, 3 levels left

rFire  . . .     SeeInvis .     l - +2 whip (flame)
rCold  . . .     Gourm    .     b - +0 scale mail
rNeg   . . .     Faith    .     c - +0 shield
rPois  .         Spirit   .     (helmet restricted)
rElec  .         Dismiss  .     (no cloak)
rCorr  .         Reflect  .     (no gloves)
SustAt .         Harm     .     (no boots)
MR     .....                    o - amulet of inaccuracy (curse)
Stlth  ..........               (no ring)
                                (no ring)

@: not resistant to hostile enchantments, extremely unstealthy
A: retaliatory headbutt, horns 2
a: no special abilities


You were on level 3 of the Dungeon.
You were not hungry.

You visited 1 branch of the dungeon, and saw 3 of its levels.

You collected 44 gold pieces.

Inventory:

Hand Weapons
 l - a +2 whip of flaming (weapon)
Armour
 b - a +0 scale mail (worn)
 c - a +0 shield (worn)
Jewellery
 k - an uncursed ring of ice
 o - a cursed amulet of inaccuracy (around neck)
Wands
 p - a wand of frost (20/48)
Scrolls
 e - 2 scrolls of identify
Potions
 d - 2 potions of might
 i - a potion of brilliance {unknown}
 j - 2 potions of curing {unknown}
 n - 2 potions of lignification {unknown}
Comestibles
 a - a beef jerky
 f - 2 bread rations
 g - 9 chunks of flesh
 h - a royal jelly
 m - a meat ration


   Skills:
 - Level 3.6 Fighting
 + Level 6.2 Maces & Flails
 - Level 3.6 Armour
 - Level 3.6 Shields


You had 3 spell levels left.
You didn't know any spells.

Dungeon Overview and Level Annotations

Branches:
Dungeon (3/15)

Altars:
Nemelex Xobeh
Okawaru
Pakellas
Ru
The Shining One

Annotations:
D:3 Protee's ghost, amateur TeWz


Innate Abilities, Weirdness & Mutations

You reflexively headbutt those who attack you in melee.
You have a pair of horns on your head.


Message History

You are too injured to fight recklessly!
You are too injured to fight recklessly!
You are too injured to fight recklessly!
You are too injured to fight recklessly!
You are too injured to fight recklessly!
You are too injured to fight recklessly!
You are too injured to fight recklessly!
You are too injured to fight recklessly!
You are too injured to fight recklessly!
You are too injured to fight recklessly!
Your shield prevents you from hitting Protee's ghost.
You miss Protee's ghost.
You headbutt Protee's ghost, but do no damage.
Protee's ghost hits you.
* * * LOW HITPOINT WARNING * * *
Protee's ghost freezes you.
* * * LOW HITPOINT WARNING * * *
You barely miss Protee's ghost. Your headbutt misses Protee's ghost.
Protee's ghost hits you.
You die...

..# #....#..#
#.##..#
#.###.#..#..#
#.##..#
##.......#..#
#.##..#
######..#..#
#.....# ..#..#
#.....#
.#..####.#..##
.#..........#
##.####W..##
#.# #@.## #.#
#..# #.# #..#
#W# #..# #.#
#..# .
#.####..###...
#...........#
######).###..
#...))).#


You could see Protee's ghost.

Vanquished Creatures
  Jessica (D:3)
  Robin (D:3)
  2 adders (D:2)
  An ooze (D:2)
  A worm (D:2)
  A giant gecko (D:2)
  An orc (D:3)
  6 bats
  3 giant cockroaches
  12 hobgoblins
  4 jackals (D:2)
  7 kobolds
  A quokka (D:2)
  A ball python (D:1)
  4 giant newts
  12 goblins
  5 rats
63 creatures vanquished.

Notes
Turn   | Place    | Note
--------------------------------------------------------------
     0 | D:1      | Azzok the Minotaur Fighter began the quest for the Orb.
     0 | D:1      | Reached XP level 1. HP: 19/19 MP: 0/0
    63 | D:1      | Reached XP level 2. HP: 24/26 MP: 1/1
   583 | D:1      | Reached skill level 4 in Maces & Flails
   843 | D:2      | Found an iron altar of Okawaru.
   902 | D:2      | Reached XP level 3. HP: 31/31 MP: 2/2
   950 | D:2      | Found a sparkling altar of Nemelex Xobeh.
   980 | D:2      | Found a sacrificial altar of Ru.
  1080 | D:2      | Found a glowing golden altar of the Shining One.
  1201 | D:2      | Found an oddly glowing altar of Pakellas.
  1201 | D:2      | Found Pakellas's Prime Provisions.
  1297 | D:2      | Reached skill level 5 in Maces & Flails
  1471 | D:2      | Reached XP level 4. HP: 22/39 MP: 3/3
  1897 | D:3      | Noticed Jessica
  1907 | D:3      | Killed Jessica
  2014 | D:3      | Noticed Robin
  2038 | D:3      | Killed Robin
  2038 | D:3      | Reached skill level 6 in Maces & Flails
  2058 | D:3      | Noticed Protee's ghost (amateur TeWz)
  2088 | D:3      | Slain by Protee's ghost

Vault maps used:
D:1:      arrival_zaba_pyramid
D:2:      lemuel_round_altar, tso_metal_star, johnstein_pakellas_shop,
          nicolae_ru_path_of_blood, first_bread,
          nemelex_xobeh_ov_fountains_minmay
D:3:      grunt_temple_overflow_champion_of_chaos,
          grunt_temple_overflow_opulence, grunt_temple_overflow_open,
          uniq_jessica, uniq_robin

Action                   |  1- 3 |  4- 6 || total
-------------------------+-------+-------++-------
Melee: Flail             |    74 |       ||    74
       Whip              |    52 |    56 ||   108
  Use: Scroll            |     3 |       ||     3
  Eat: Chunk             |     2 |     2 ||     4
